 Dungeon Crawl Stone Soup version 0.28.0 (webtiles) character file.

Game seed: 8324837478459285211

109 dolemite99 the Chopper (level 4, -6/35 HPs)
             Began as a Demonspawn Fighter on Feb 15, 2022.
             Splashed by a jelly's acid (8 damage)
             ... on level 3 of the Dungeon.
             The game lasted 00:02:27 (2940 turns).

dolemite99 the Chopper (Demonspawn Fighter)         Turns: 2940, Time: 00:02:27

Health: -6/35      AC:  3    Str: 23    XL:     4   Next: 60%
Magic:  4/4        EV:  9    Int:  9    God:
Gold:   101        SH:  4    Dex: 12    Spells: 3/3 levels left

rFire   . . .      SeeInvis .   b - +3 dagger of Xuacoigh {flame, rPois Str+4 Stlth+}
rCold   . . .      Faith    .   c - +0 buckler
rNeg    . . .      Spirit   .   y - +0 scale mail
rPois   +          Reflect  .   (helmet restricted)
rElec   .          Harm     .   u - +0 cloak {rPois}
rCorr   .          Rampage  .   (no gloves)
Will    .....                   (no boots)
Stlth   +.........              (no amulet)
HPRegen 0.11/turn               (no ring)
MPRegen 0.09/turn               (no ring)

@: corroded
A: antennae 2
a: no special abilities


You were on level 3 of the Dungeon.
You visited 1 branch of the dungeon, and saw 3 of its levels.

You collected 101 gold pieces.

Inventory:

Hand Weapons
 a - a +0 war axe
 b - the +3 dagger of Xuacoigh (weapon) {flame, rPois Str+4 Stlth+}
   (You found it on level 3 of the Dungeon)

   It burns those it strikes, dealing additional fire damage.
   Str:       It affects your strength (+4).
   rPois:     It protects you from poison.
   Stlth:     It makes you more stealthy.
 m - a +0 hunting sling
Missiles
 h - 2 boomerangs (quivered)
 j - 4 curare-tipped darts
 l - 60 stones
 o - 11 arrows
 p - 3 poisoned darts
 q - 24 sling bullets
Armour
 c - a +0 buckler (worn)
 u - a +0 cloak of poison resistance (worn)
 y - a +0 scale mail (worn)
Magical Staves
 r - a staff of earth
Scrolls
 e - 2 scrolls of holy word {unknown}
 f - a scroll of immolation {unknown}
 k - 4 scrolls of identify {unknown}
 s - a scroll of acquirement {unknown}
 t - a scroll of magic mapping {unknown}
Potions
 d - 2 potions of might
 g - a potion of mutation {unknown}
 i - a potion of resistance {unknown}
 n - a potion of flight {unknown}
 v - a potion of lignification {unknown}
 w - a potion of heal wounds {unknown}
 x - 2 potions of curing {unknown}


   Skills:
 - Level 3.0 Fighting
 + Level 4.4 Axes
 - Level 2.6 Armour
 - Level 2.6 Shields


You had 3 spell levels left.
You didn't know any spells.
Your spell library contained the following spells:

 Spells                   Type           Power      Damage    Failure   Level
 Corpse Rot               Necr/Air       0%         N/A       90%         2
 Poisonous Vapours        Pois/Air       0%         N/A       90%         2


Dungeon Overview and Level Annotations

Branches:
Dungeon (3/15)

Altars:
Kikubaaqudgha


Innate Abilities, Weirdness & Mutations

You have a pair of antennae on your head.


Message History

The jelly quivers.
The boomerang hits the jackal but does no damage.
The jackal is moderately wounded.
You block the jackal's attack.
You slash the jackal!
You kill the jackal!
You feel stronger.
The +3 dagger of Xuacoigh {flame, rPois Str+4 Stlth+} bursts into flame!
y - the +3 dagger of Xuacoigh (weapon)
{flame, rPois Str+4 Stlth+} The jackal closely misses you.
Adjust (i)tems, (s)pells, or (a)bilities?
y - the +3 dagger of Xuacoigh (weapon)
{flame, rPois Str+4 Stlth+} Adjust to which letter? (? for menu, Esc to quit)
b - the +3 dagger of Xuacoigh (weapon)
{flame, rPois Str+4 Stlth+}
y - a +0 scale mail (worn)
You barely miss the jackal. The jackal barely misses you.
You hit the jackal. You burn the jackal.
You kill the jackal!
The jelly closely misses you.
You see here a jackal corpse.
You hit the jelly. You burn the jelly.
Your hands burn!
The jelly is lightly wounded.
The jelly hits you but does no damage.
You hit the jelly. You burn the jelly.
Your hands burn!
The jelly is moderately wounded.
The jelly hits you but does no damage.
You hit the jelly. You burn the jelly. The acid corrodes you!
Your hands burn!
The jelly is heavily wounded.
The jelly hits you.
You are splashed with acid.
You hit the jelly but do no damage.
Your hands burn!
The jelly is heavily wounded.
The jelly hits you.
You are splashed with acid!
* * * LOW HITPOINT WARNING * * *
You hit the jelly but do no damage.
Your hands burn!
* * * LOW HITPOINT WARNING * * *
The jelly is heavily wounded.
The jelly hits you.
* * * LOW HITPOINT WARNING * * *
You are splashed with acid!
You die...

#.###........##..#...
#.#....########......
#.#.#.## ##.#...
#.#.#.# #..#..
#.....# #.....
##.#.## ..#.### #...#
.. . ####.####
#...@...# #.##J##.# #
#.# # ... #.# #.# ...
...


You could see a jelly.

Vanquished Creatures
  Crazy Yiuf (D:2)
  3 gnolls (D:3)
  An adder (D:3)
  An orc (D:3)
  2 ball pythons (D:1)
  3 endoplasms
  6 goblins
  6 hobgoblins
  3 jackals (D:3)
  2 kobolds (D:1)
  3 quokkas (D:1)
  4 bats
  A frilled lizard (D:1)
  4 rats
40 creatures vanquished.

Notes
Turn   | Place    | Note
-------+----------+-------------------------------------------
     0 | D:1      | dolemite99 the Demonspawn Fighter began the quest for the
                  | Orb.
     0 | D:1      | Reached XP level 1. HP: 18/18 MP: 1/1
    34 | D:1      | Reached skill level 2 in Axes
   213 | D:1      | Discovered your monstrous ancestry.
   213 | D:1      | Gained mutation: You have a pair of small antennae on your
                  | head. [demonic ancestry]
   213 | D:1      | Reached XP level 2. HP: 24/24 MP: 2/2
   365 | D:1      | Found a faded altar of an unknown god.
   613 | D:1      | Reached skill level 3 in Axes
  1182 | D:2      | Reached XP level 3. HP: 24/29 MP: 3/3
  1296 | D:2      | Found a runed translucent door.
  1297 | D:2      | Noticed Crazy Yiuf
  1303 | D:2      | Killed Crazy Yiuf
  1946 | D:3      | Reached skill level 4 in Axes
  1946 | D:3      | Gained mutation: You have a pair of antennae on your head.
                  | [demonic ancestry]
  1946 | D:3      | Reached XP level 4. HP: 27/35 MP: 4/4
  2607 | D:3      | Found an ancient bone altar of Kikubaaqudgha.
  2922 | D:3      | Identified the +3 dagger of Xuacoigh {flame, rPois Str+4
                  | Stlth+}
  2940 | D:3      | Splashed by a jelly's acid

Illustrated notes

Levels and vault maps discovered:
D:1:      nicolae_arrival_washed_ashore, layout_basic,
          shapermc_ecumenical_altar_ellora
D:2:      layout_rooms, minmay_tetromino_i2, uniq_crazy_yiuf_cottage
D:3:      layout_loops_cross, mainiacjoe_overflow_alcove_1

Skill      XL: |  1  2  3 |
---------------+----------+-----
Axes           | 2 3 4 |  4.4
Fighting       | |  3.0
Armour         | |  2.6
Shields        | |  2.6

Action                   |  1- 3 |  4- 6 || total
-------------------------+-------+-------++-------
Melee: War axe           |    81 |    14 ||    95
       Dagger            |       |     7 ||     7
Throw: Boomerang         |    11 |     5 ||    16
  Use: Potion            |     1 |       ||     1
Armor: Scale mail        |    35 |     5 ||    40
Dodge: Dodged            |    37 |     7 ||    44
Block: Buckler           |    18 |     2 ||    20
